 Dungeon Crawl Stone Soup version 0.26.1-11-gd32895ea62 (webtiles) character file.

Game seed: 4407899052707539686

62 nothank2 the Insei (level 4, 0/34 HPs)
             Began as a Gnoll Transmuter on June 24, 2021.
             Slain by Ijyb
             ... wielding a +2 dagger of venom
              (8 damage)
             ... on level 3 of the Dungeon.
             The game lasted 00:05:01 (2541 turns).

nothank2 the Insei (Gnoll Transmuter)               Turns: 2541, Time: 00:05:01

Health: 0/34       AC:  2    Str: 12    XL:     4   Next: 8%
Magic:  11/11      EV: 15    Int: 16    God:
Gold:   95         SH:  5    Dex: 16    Spells: 9/13 levels left

rFire    . . .     SeeInvis .   b - +0 mace
rCold    . . .     Faith    .   (no shield)
rNeg     . . .     Spirit   .   a - +0 robe
rPois    .         Reflect  +   (helmet currently unavailable)
rElec    .         Harm     .   (no cloak)
rCorr    .         Rampage  .   (no gloves)
Will     .....                  (boots currently unavailable)
Stlth    ++........             j - amulet of reflection
HPRegen  0.11/turn              (no ring)
MPRegen  0.12/turn              (no ring)

@: lethally poisoned (0 -> -20), appendages (expiring)
A: distributed training, fangs 1, horns 2, talons 2, strong nose
a: End Transformation


You were on level 3 of the Dungeon.
You had grown temporary horns.
You had grown temporary talons.
You visited 1 branch of the dungeon, and saw 3 of its levels.

You collected 95 gold pieces.

Inventory:

Hand Weapons
 b - a +0 mace (weapon)
Armour
 a - a +0 robe (worn)
 k - a +0 buckler
Jewellery
 j - an amulet of reflection (around neck)
Scrolls
 c - a scroll of fog
 e - 2 scrolls of amnesia
 f - 3 scrolls of identify
Potions
 g - 2 potions of curing
 h - 2 potions of haste
 i - a potion of attraction {unknown}


   Skills:
 + Level 2.7 Fighting
 + Level 1.0 Short Blades
 + Level 1.0 Long Blades
 + Level 1.0 Axes
 + Level 1.0 Maces & Flails
 + Level 1.0 Polearms
 + Level 1.0 Staves
 + Level 1.0 Slings
 + Level 1.0 Bows
 + Level 1.0 Crossbows
 + Level 1.0 Throwing
 + Level 1.0 Armour
 + Level 4.6 Dodging
 + Level 1.0 Stealth
 + Level 1.0 Shields
 + Level 6.5 Unarmed Combat
 + Level 5.0 Spellcasting
 + Level 0.7 Conjurations
 + Level 0.7 Hexes
 + Level 0.7 Summonings
 + Level 0.7 Necromancy
 + Level 0.7 Translocations
 + Level 3.8 Transmutations
 + Level 0.7 Fire Magic
 + Level 0.7 Ice Magic
 + Level 0.7 Air Magic
 + Level 0.7 Earth Magic
 + Level 0.7 Poison Magic
 + Level 1.1 Invocations
 + Level 1.0 Evocations


You had 9 spell levels left.
You knew the following spells:

 Your Spells              Type           Power        Failure   Level
a - Beastly Appendage     Tmut           32%          3%          1
b - Spider Form           Tmut/Pois      5%           19%         3

Your spell library contained the following spells:

 Spells                   Type           Power        Failure   Level
 Wereblood                Tmut           16%          4%          2
 Ice Form                 Ice/Tmut       11%          52%         4
 Blade Hands              Tmut           8%           65%         5


Dungeon Overview and Level Annotations

Branches:
Dungeon (3/15)

Altars:
Ashenzari
Elyvilon

Annotations:
D:3 Ijyb


Innate Abilities, Weirdness & Mutations

Your experience applies equally to all skills.
You have very sharp teeth.
Your uncanny sense of smell can sniff out nearby items.
You have a pair of horns on your head.
You have razor-sharp toenails.


Message History

Ijyb closely misses you.
You hit Ijyb but do no damage.
You feel sick.
Ijyb hits you with a +2 dagger of venom.
You are more poisoned.
Ijyb closely misses you.
You hit Ijyb but do no damage. Your kick misses Ijyb.
Your headbutt misses Ijyb.
You feel sick.
Ijyb hits you with a +2 dagger of venom.
You are lethally poisoned!
You barely miss Ijyb.
Your transformation is almost over.
You feel very sick.
Ijyb grins evilly.
Ijyb closely misses you.
You hit Ijyb but do no damage.
* * * LOW HITPOINT WARNING * * *
You feel very sick. You block Ijyb's attack.
Ijyb hits you with a +2 dagger of venom!
You die...

#.# .. ∆ #.
#.# .. ∆
#.##∆## #.g#
.# #@##.# #
#..#.#.# ∆
##.#.#.#
#......#
#.#..### #+#
#.#...# #.#
###.[...# #.#
#.......#
#.####....#..#


You could see Ijyb (strong).

Vanquished Creatures
  An adder (D:2)
  3 worms (D:2)
  A dart slug (D:1)
  2 leopard geckos (D:2)
  An orc (D:3)
  A ball python (D:2)
  A giant cockroach (D:1)
  6 goblins
  4 hobgoblins (D:2)
  2 bats (D:1)
  2 frilled lizards (D:1)
  9 kobolds
  6 rats
39 creatures vanquished.

Notes
Turn   | Place    | Note
-------+----------+-------------------------------------------
     0 | D:1      | nothank2 the Gnoll Transmuter began the quest for the Orb.
     0 | D:1      | Reached XP level 1. HP: 17/17 MP: 6/6
   193 | D:1      | Reached XP level 2. HP: 23/23 MP: 5/7
   372 | D:1      | Found a broken altar of Ashenzari.
  1062 | D:2      | Reached XP level 3. HP: 25/28 MP: 7/9
  1108 | D:2      | HP: 1/28 [worm (6)]
  1439 | D:2      | Reached skill level 5 in Spellcasting
  1774 | D:2      | Reached skill level 1 in Invocations
  2076 | D:2      | Reached skill level 1 in Short Blades
  2076 | D:2      | Reached skill level 1 in Long Blades
  2076 | D:2      | Reached skill level 1 in Axes
  2076 | D:2      | Reached skill level 1 in Maces & Flails
  2076 | D:2      | Reached skill level 1 in Polearms
  2076 | D:2      | Reached skill level 1 in Staves
  2076 | D:2      | Reached skill level 1 in Slings
  2076 | D:2      | Reached skill level 1 in Bows
  2076 | D:2      | Reached skill level 1 in Crossbows
  2076 | D:2      | Reached skill level 1 in Throwing
  2076 | D:2      | Reached skill level 1 in Armour
  2076 | D:2      | Reached skill level 1 in Stealth
  2076 | D:2      | Reached skill level 1 in Shields
  2076 | D:2      | Reached skill level 1 in Evocations
  2189 | D:2      | Found a white marble altar of Elyvilon.
  2239 | D:2      | Reached XP level 4. HP: 34/34 MP: 9/11
  2266 | D:3      | Learned a level 3 spell: Spider Form
  2523 | D:3      | Noticed Ijyb
  2541 | D:3      | Slain by Ijyb

Illustrated notes

Levels and vault maps discovered:
D:1:      erik_arrival_triangle_small, layout_loops_ring, st_stairs_13,
          kennysheep_minor_cross, nicolae_ashenzari_panopticon
D:2:      layout_basic, marbit_many_paths
D:3:      layout_basic, pdpol_wu_jian_five_deadly_venoms,
          nzn_hepliaklqana_mist_gate, lemuel_doored_altar,
          yredelemnul_forgotten_temple_becter, lemuel_altar_in_water,
          uniq_natasha, uniq_ijyb

Skill      XL: |  1  2  3 |
---------------+----------+-----
Spellcasting   | 5 |  5.0
Invocations    | 1 |  1.1
Short Blades   | 1 |  1.0
Long Blades    | 1 |  1.0
Axes           | 1 |  1.0
Maces & Flails | 1 |  1.0
Polearms       | 1 |  1.0
Staves         | 1 |  1.0
Slings         | 1 |  1.0
Bows           | 1 |  1.0
Crossbows      | 1 |  1.0
Throwing       | 1 |  1.0
Armour         | 1 |  1.0
Stealth        | 1 |  1.0
Shields        | 1 |  1.0
Evocations     | 1 |  1.0
Fighting       | |  2.7
Dodging        | |  4.6
Unarmed Combat | |  6.5
Conjurations   | |  0.7
Hexes          | |  0.7
Summonings     | |  0.7
Necromancy     | |  0.7
Translocations | |  0.7
Transmutations | |  3.8
Fire Magic     | |  0.7
Ice Magic      | |  0.7
Air Magic      | |  0.7
Earth Magic    | |  0.7
Poison Magic   | |  0.7

Action                   |  1- 3 |  4- 6 || total
-------------------------+-------+-------++-------
Melee: Unarmed           |    15 |       ||    15
       Kick              |    14 |     3 ||    17
       Mace              |    60 |    17 ||    77
       Bite              |     6 |     2 ||     8
       Punch             |     2 |       ||     2
       Headbutt          |     7 |     2 ||     9
 Cast: Beastly Appendage |    20 |     2 ||    22
  Use: Scroll            |     7 |     2 ||     9
       Potion            |     1 |       ||     1
 Stab: Sleeping          |     4 |     1 ||     5
Armor: Robe              |     7 |     1 ||     8
Dodge: Dodged            |    42 |     8 ||    50
Block: Other             |     2 |     1 ||     3
